 Dungeon Crawl Stone Soup version 0.27.1-34-g3ba077fa99 (webtiles) character file.

Game seed: 7770868301453003764

26574 mistymad the Thaumaturge (level 12, -2/101 HPs)
             Began as a Demigod Ice Elementalist on Jan 11, 2022.
             Slain by a catoblepas (10 damage)
             ... while petrified by a catoblepas
             ... on level 4 of the Lair of Beasts.
             The game lasted 02:09:30 (14968 turns).

mistymad the Thaumaturge (DgIE)                    Turns: 14968, Time: 02:09:30

Health: -2/101     AC: 11    Str:  9    XL:     12   Next: 62%
Magic:  15/32      EV:  2    Int: 39    God:
Gold:   515        SH:  0    Dex: 14    Spells: 19/35 levels left

rFire    . . .     SeeInvis .   e - staff of cold
rCold    + . .     Faith    .   (no shield)
rNeg     + + +     Spirit   .   d - +0 steam dragon scales
rPois    ∞         Reflect  .   n - +0 helmet
rElec    .         Harm     .   S - +1 cloak {Will+}
rCorr    .         Rampage  .   z - +0 pair of gloves
Will     ++...                  u - +1 pair of boots
Stlth    +.........             E - amulet of magic regeneration
HPRegen  0.26/turn              i - ring of poison resistance
MPRegen  0.48/turn              P - +6 ring of intelligence

@: petrified, very slow
A: high mp 1, forlorn
a: no special abilities


You were on level 4 of the Lair of Beasts.
You visited 3 branches of the dungeon, and saw 14 of its levels.

You collected 704 gold pieces.
You spent 189 gold pieces at shops.

Inventory:

Hand Weapons
 B - the +6 dagger of Generosity {vorpal, rPois Will+++ Int-2 Dex-5}
   (You found it on level 4 of the Dungeon)

   It inflicts extra damage upon your enemies.
   Int:       It affects your intelligence (-2).
   Dex:       It affects your dexterity (-5).
   rPois:     It protects you from poison.
   Will:      It greatly increases your willpower.
 G - a +1 dagger of venom
 H - a +4 dagger of holy wrath
 O - the +5 flail of the Slicing Pill Bug {distort, rElec rN+ rCorr Int+4}
   (You found it on level 7 of the Dungeon)

   It warps and distorts space around it, and may blink, banish, or inflict
   extra damage upon those it strikes.
   Unwielding it can cause banishment or high damage.
   Int:       It affects your intelligence (+4).
   rElec:     It insulates you from electricity.
   rN:        It protects you from negative energy.
   rCorr:     It protects you from acid and corrosion.
Missiles
 a - 6 curare-tipped darts
 r - 3 throwing nets
 w - 26 poisoned darts
Armour
 d - +0 steam dragon scales (worn)
 n - a +0 helmet (worn)
 u - a +1 pair of boots (worn)
 z - a +0 pair of gloves (worn)
 A - the +1 robe of the Circus Animal {Fly Will+ Str+4}
   (You bought it in a shop on level 5 of the Dungeon)

   Str:       It affects your strength (+4).
   Fly:       It grants you flight.
   Will:      It increases your willpower.
 L - a +2 kite shield
 S - a +1 cloak of willpower (worn)
Magical Staves
 e - a staff of cold (weapon)
 V - a staff of fire
Jewellery
 i - a ring of poison resistance (left hand)
 E - an amulet of magic regeneration (around neck)
 P - a +6 ring of intelligence (right hand)
 T - a +6 ring of dexterity
Wands
 v - a wand of iceblast (10)
 J - a wand of flame (10)
 K - a wand of polymorph (10)
 R - a wand of acid (10)
Scrolls
 b - 6 scrolls of amnesia
 c - 3 scrolls of enchant armour
 j - a scroll of torment {!r}
 k - 7 scrolls of blinking {unknown}
 l - 3 scrolls of holy word {unknown}
 m - 9 scrolls of teleportation
 o - 5 scrolls of noise {unknown}
 p - a scroll of immolation {unknown}
 t - 3 scrolls of vulnerability {unknown}
 y - 3 scrolls of fog {unknown}
 C - 2 scrolls of enchant weapon {unknown}
 W - a scroll of silence {unknown}
 X - a scroll of magic mapping {unknown}
Potions
 f - 8 potions of curing
 g - 4 potions of brilliance
 h - 3 potions of heal wounds
 q - 2 potions of magic
 s - 2 potions of attraction
 x - 2 potions of resistance
 D - 2 potions of lignification {!q}
 F - a potion of might {unknown}
 I - a potion of cancellation {unknown}
 M - 3 potions of flight {unknown}
 N - 3 potions of invisibility {unknown}
 Q - 3 potions of mutation {unknown}
 U - 2 potions of ambrosia {unknown}


   Skills:
 + Level 7.9 Fighting
 - Level 1.7 Dodging
 - Level 1.7 Stealth
 - Level 12.0 Spellcasting
 + Level 7.9 Conjurations
 - Level 6.0 Fire Magic
 - Level 6.0 Ice Magic
 + Level 7.8 Evocations


You had 19 spell levels left.
You knew the following spells:

 Your Spells              Type           Power      Damage    Failure   Level
a - Freeze                Ice            100%       1d11      1%          1
b - Frozen Ramparts       Ice            100%       1d12      1%          3
c - Ozocubu's Armour      Ice            81%        N/A       1%          3
d - Hailstorm             Conj/Ice       86%        3d17      1%          4
e - Bolt of Magma         Conj/Fire/Erth 28%        4d13      6%          5

Your spell library contained the following spells:

 Spells                   Type           Power      Damage    Failure   Level
 Animate Skeleton         Necr           46%        N/A       1%          1
 Apportation              Tloc           46%        N/A       1%          1
 Corona                   Hex            25%        N/A       1%          1
 Summon Small Mammal      Summ           92%        N/A       1%          1
 Ensorcelled Hibernation  Hex/Ice        100%       N/A       1%          2
 Dazzling Flash           Conj/Hex       100%       N/A       1%          3
 Inner Flame              Hex/Fire       46%        N/A       1%          3
 Stone Arrow              Conj/Erth      100%       3d13      1%          3
 Slow                     Hex            23%        N/A       2%          2
 Confusing Touch          Hex            23%        N/A       4%          3
 Spider Form              Tmut/Pois      11%        N/A       4%          3
 Vampiric Draining        Necr           11%        2d7       4%          3
 Metabolic Englaciation   Hex/Ice        31%        N/A       12%         5
 Cause Fear               Hex            11%        N/A       16%         4
 Leda's Liquefaction      Hex/Erth       11%        N/A       16%         4
 Petrify                  Tmut/Erth      23%        N/A       16%         4
 Simulacrum               Ice/Necr       31%        N/A       56%         6
 Shadow Creatures         Summ           N/A        N/A       93%         6
 Statue Form              Tmut/Erth      15%        N/A       93%         6
 Discord                  Hex            11%        N/A       100%        8
 Shatter                  Erth           11%        3d12*     100%        9


Dungeon Overview and Level Annotations

Branches:
Dungeon (9/15)             Temple (1/1) D:5            Lair (4/6) D:9
  Swamp (0/4) Lair:3        Snake (0/4) Lair:2
    Orc: D:9-12

Shops:
D:1 *   D:2 ?   D:5 [   D:8 **[*!?

Annotations:
D:9 exclusion: door


Innate Abilities, Weirdness & Mutations

Your attributes grow dramatically as you level up.
You have an increased reservoir of magic. (+10% MP)
You shall have no god before yourself.


Message History

The blast of calcifying dust hits you.
Casting: Frozen Ramparts (safe; 1% risk of failure)
Confirm with . or Enter, or press ? or * to list all spells.
Aiming: Bolt of Magma (dangerous; 6% risk of failure)
Press: ? - help, Shift-Dir - straight line, f - catoblepas
Aim: a catoblepas (severely wounded, 100% to hit)
Okay, then.
Your frozen ramparts will break if you move.
Continue?
The frozen ramparts melt away as you move.
The catoblepas breathes a plume of calcifying dust at you.
The blast of calcifying dust hits you.
Casting: Bolt of Magma (dangerous; 6% risk of failure)
Confirm with . or Enter, or press ? or * to list all spells.
Aiming: Bolt of Magma (dangerous; 6% risk of failure)
Press: ? - help, Shift-Dir - straight line, f - catoblepas
Aim: a catoblepas (severely wounded, 100% to hit)
The bolt of magma hits the catoblepas!
The catoblepas is severely wounded.
You are engulfed in calcifying dust.
You are slowing down.
The catoblepas breathes a plume of calcifying dust at you.
The blast of calcifying dust hits you.
Unknown command.
The catoblepas is engulfed in a cloud of scalding steam.
The catoblepas gores you. The catoblepas gores you!
You have turned to stone.
The catoblepas breathes a plume of calcifying dust at you.
The blast of calcifying dust hits you.
You are engulfed in calcifying dust.
The catoblepas breathes a plume of calcifying dust at you.
The blast of calcifying dust hits you!
You are engulfed in calcifying dust.
The catoblepas gores you.
You are engulfed in calcifying dust.
The catoblepas gores you!
* * * LOW HITPOINT WARNING * * *
You are engulfed in calcifying dust.
The catoblepas gores you!!
* * * LOW HITPOINT WARNING * * *
You are engulfed in calcifying dust.
The catoblepas gores you!!
* * * LOW HITPOINT WARNING * * *
You are engulfed in calcifying dust.
The catoblepas barely misses you. The catoblepas gores you!!
You die...

####### ♣...♣.♣
#8)/8## ♣♣.....♣♣♣♣
#.Y(.##♣♣.........♣♣♣
#≈§k≈#.#..........P.♣
#≈§≈≈ #.♣.≈≈≈........
#†≈# #♣♣≈≈≈≈≈.......
#≈### ♣≈≈≈≈≈≈≈......
#≈≈≈## #≈≈≈≈≈≈≈P..≈≈≈
#≈≈Y@##♣≈≈≈≈≈≈≈≈.≈≈≈≈
#8##≈##♣≈≈≈♣♣≈≈≈≈≈≈≈≈
###≈≈#.♣≈≈≈♣♣≈≈≈≈≈≈≈≈
##≈≈≈##.♣≈≈≈♣≈≈≈≈≈≈≈≈
#≈≈≈###♣♣≈≈≈♣≈≈≈≈≈≈≈≈
#≈≈8# ♣≈≈≈♣.≈.P≈≈≈≈≈
#≈≈8# ♣♣≈P♣.♣....≈≈≈
#≈≈≈## #≈≈≈♣♣♣.......
##≈≈≈# ♣≈≈≈≈♣♣♣......


You could see a catoblepas.

Vanquished Creatures
  Erolcha (D:9)
  3 hydras
  A lindwurm (Lair:4)
  An oklob plant (Lair:2)
  Maurice (D:9)
  2 manticores
  4 black mambas
  8 elephants
  3 komodo dragons
  8 cane toads
  A rime drake (Lair:4)
  A tyrant leech (Lair:3)
  A polar bear (Lair:4)
  A blink frog (shapeshifter) (D:9)
  5 blink frogs (Lair:3)
  A slime creature (D:9)
  A dream sheep (Lair:4)
  35 yaks
  A basilisk (Lair:3)
  5 wyverns
  3 steam dragons
  Grum (D:6)
  2 swamp worms (Lair:3)
  An acid dragon (D:9)
  Duvessa (D:7)
  10 water moccasins
  3 sky beasts
  4 orc warriors
  3 black bears
  2 necrophages
  An ogre (D:4)
  4 centaurs
  A wolf (D:6)
  3 gnoll sergeants
  4 scorpions
  A kobold brigand (D:7)
  10 bullfrogs
  2 wyvern zombies
  Dowan (D:7)
  2 water moccasin zombies (D:5)
  A killer bee (D:9)
  5 wights
  An electric eel (Lair:4)
  A howler monkey (D:8)
  3 centaur zombies
  2 orc priests (D:6)
  3 jellies
  13 hounds
  A bullfrog skeleton (D:5)
  2 gnoll shamans (D:6)
  Crazy Yiuf (D:7)
  5 centaur skeletons
  4 iguanas
  7 orc wizards
  2 hound skeletons
  Robin (D:2)
  4 howler monkey zombies
  16 gnolls
  7 adders
  A shadow imp (D:8)
  A white imp (D:7)
  An adder skeleton (D:5)
  3 worms
  A dart slug (D:1)
  32 orcs
  11 endoplasms
  10 hobgoblins
  10 jackals
  4 quokkas
  13 ball pythons
  8 bats
  5 frilled lizards
  14 goblins
  11 kobolds
  6 rats
353 creatures vanquished.

Vanquished Creatures (others)
  A white imp (D:8)
  34 fungi
  24 plants
  4 toadstools (Lair:4)
63 creatures vanquished.

Grand Total: 416 creatures vanquished

Notes
Turn   | Place    | Note
-------+----------+-------------------------------------------
     0 | D:1      | mistymad the Demigod Ice Elementalist began the quest for
                  | the Orb.
     0 | D:1      | Reached XP level 1. HP: 14/14 MP: 5/5
   118 | D:1      | Reached skill level 2 in Spellcasting
   326 | D:1      | Reached XP level 2. HP: 20/20 MP: 4/7
   748 | D:1      | Found Mutzu's Assorted Antiques.
  1526 | D:2      | Reached XP level 3. HP: 22/26 MP: 7/9
  1585 | D:2      | Learned a level 3 spell: Frozen Ramparts
  1589 | D:2      | Learned a level 3 spell: Ozocubu's Armour
  1591 | D:2      | Found Coleafegh's Magic Scroll Emporium.
  1612 | D:2      | Bought a scroll of teleportation for 42 gold pieces
  1612 | D:2      | Bought a scroll of identify for 28 gold pieces
  1614 | D:2      | Identified a scroll of acquirement
  1619 | D:2      | Acquired a staff of cold
  1694 | D:2      | Noticed Robin
  1707 | D:2      | Killed Robin
  1914 | D:2      | Reached skill level 3 in Spellcasting
  1914 | D:2      | Reached XP level 4. HP: 33/33 MP: 7/11
  2787 | D:3      | Reached XP level 5. HP: 38/38 MP: 6/13
  2801 | D:3      | Reached skill level 5 in Ice Magic
  3479 | D:4      | Noticed an ogre
  3485 | D:4      | Killed an ogre
  3486 | D:4      | Reached skill level 4 in Spellcasting
  3486 | D:4      | Reached XP level 6. HP: 30/45 MP: 5/15
  3763 | D:4      | Identified the +6 dagger of Generosity {vorpal, rPois
                  | Will+++ Int-2 Dex-5}
  3996 | D:5      | Entered Level 5 of the Dungeon
  4102 | D:5      | You fall into a shaft and drop 2 floors!
  4127 | D:7      | Found a runed translucent door.
  4128 | D:7      | Noticed Crazy Yiuf
  4136 | D:7      | Killed Crazy Yiuf
  4137 | D:7      | Reached skill level 5 in Spellcasting
  4196 | D:7      | Got the Tome of Curses
  4241 | D:7      | Reached XP level 7. HP: 48/50 MP: 13/18
  4351 | D:6      | Reached skill level 6 in Spellcasting
  4467 | D:5      | Reached skill level 1 in Fighting
  4579 | D:5      | Found a staircase to the Ecumenical Temple.
  4626 | Temple   | Entered the Ecumenical Temple
  4893 | D:5      | Found Heylir's Antique Armour Emporium.
  4906 | D:5      | Bought a thick robe for 119 gold pieces
  4906 | D:5      | Identified the +1 robe of the Circus Animal {Fly Will+
                  | Str+4} (You bought it in a shop on level 5 of the Dungeon)
  5440 | D:6      | Reached skill level 1 in Conjurations
  5489 | D:6      | Reached XP level 8. HP: 62/62 MP: 17/21
  5521 | D:6      | Noticed Grum
  5527 | D:6      | Killed Grum
  5585 | D:6      | Reached skill level 7 in Spellcasting
  6594 | D:7      | Noticed Duvessa
  6612 | D:7      | Killed Duvessa
  6613 | D:7      | Reached XP level 9. HP: 72/72 MP: 13/24
  6619 | D:7      | Noticed Dowan
  6631 | D:7      | Killed Dowan
  6654 | D:7      | Learned a level 4 spell: Hailstorm
  6932 | D:7      | Reached skill level 5 in Fighting
  7064 | D:7      | Identified the +5 flail of the Slicing Pill Bug {distort,
                  | rElec rN+ rCorr Int+4}
  7150 | D:8      | Found Otoeqagae's Demolitions Depot.
  7155 | D:8      | Found Movitef's Assorted Antiques.
  7212 | D:8      | Found Xaedghafi's Armour Emporium.
  7287 | D:8      | Reached skill level 8 in Spellcasting
  7309 | D:8      | Reached skill level 5 in Conjurations
  7497 | D:8      | Found Hielisi's Magic Scroll Shoppe.
  7614 | D:9      | Found a staircase to the Lair.
  7709 | D:9      | Reached skill level 1 in Fire Magic
  7767 | D:8      | Learned a level 5 spell: Bolt of Magma
  8018 | D:8      | Reached XP level 10. HP: 51/83 MP: 14/26
  8204 | D:8      | Noticed a manticore
  8206 | D:8      | Reached skill level 5 in Fire Magic
  8211 | D:8      | Found Deyqe's Assorted Antiques.
  8811 | D:8      | Killed a manticore
  9261 | D:8      | Found Iduj Ken's Distillery.
  9663 | D:9      | Noticed Erolcha
  9670 | D:9      | Killed Erolcha
  9671 | D:9      | Reached skill level 9 in Spellcasting
  9852 | D:9      | Noticed a cyclops
  9852 | D:9      | Noticed a wizard
  9852 | D:9      | Noticed a wizard
  9852 | D:9      | Noticed a manticore
  9852 | D:9      | Noticed a manticore
  9852 | D:9      | Noticed a cyclops
  9870 | D:9      | Killed a manticore
  9879 | D:9      | Reached skill level 10 in Spellcasting
  9891 | D:9      | Reached skill level 1 in Evocations
 10129 | D:9      | Noticed Maurice
 10136 | D:9      | Killed Maurice
 10237 | Lair:1   | Entered Level 1 of the Lair of Beasts
 10478 | Lair:1   | Reached XP level 11. HP: 89/89 MP: 25/29
 11014 | Lair:2   | Found a staircase to the Snake Pit.
 11057 | Lair:2   | Reached skill level 5 in Evocations
 11410 | Lair:2   | Reached skill level 11 in Spellcasting
 11644 | Lair:2   | Noticed a six-headed hydra
 11659 | Lair:2   | Killed a six-headed hydra
 12172 | Lair:3   | Noticed a five-headed hydra
 12181 | Lair:3   | Killed a five-headed hydra
 12567 | Lair:3   | Noticed a four-headed hydra
 12890 | Lair:3   | Reached XP level 12. HP: 73/97 MP: 26/32
 13065 | Lair:3   | Reached skill level 12 in Spellcasting
 13649 | Lair:3   | Killed a four-headed hydra
 13712 | Lair:3   | Noticed Sonja
 13713 | Lair:3   | Noticed Sonja
 13713 | Lair:3   | Sonja changed into Sonja the water moccasin
 13716 | Lair:3   | Killed Sonja the water moccasin
 13828 | Lair:3   | Found a staircase to the Swamp.
 14912 | Lair:4   | Found a runed translucent door.
 14949 | Lair:4   | Noticed a catoblepas
 14968 | Lair:4   | Slain by a catoblepas

Illustrated notes

Levels and vault maps discovered:
D:1:      matt_arrival_spirals, layout_basic, serial_shops, shop,
          shapermc_ecumenical_altar_mp_vishouse
D:2:      layout_rooms, serial_shops,
          nicolae_shop_temple_entry_statues_fountains, minmay_split_cup_small,
          uniq_robin
D:3:      layout_basic
D:4:      minmay_evil_eye, layout_rooms, marbit_many_paths,
          okawaru_altar_gauntlet_db, grunt_decor_junction, skrybe_limestone_x,
          minmay_misc_feat_doors, st_stairs_1
D:5:      layout_loops_corners, chequers_temple_overflow_minitemple,
          minmay_temple_entry_stoned_glass, serial_shops,
          nicolae_shop_waterfront, corexii_shack
D:6:      layout_cave_pools, serial_gnoll_camp, gnoll_camp_mini_house,
          grums_kennel, gnoll_camp_mini_house, gnoll_camp_mini_basic,
          gnoll_camp_mini_basic
D:7:      layout_rooms, uniq_crazy_yiuf_cottage, uniq_duvessa
D:8:      minmay_slanted_spiral_squares, layout_basic, led_sif_pool,
          serial_shops, nicolae_stop_n_shop_2, nicolae_shop_behind_doors,
          nicolae_shop_stone, shop, shop, grunt_ministairs_9,
          nicolae_blasting_shop
D:9:      minmay_the_grid_triangle_9x9_rhombus_thin
          [minmay_the_grid_triangle_9x9_zippers_vertical,
          minmay_the_grid_triangle_9x9_prize_top_heavy,
          minmay_the_grid_triangle_9x9_thin_v,
          minmay_the_grid_triangle_9x9_dagger], layout_loops_ring,
          old_standard_altar, grunt_lair_entry_orc_guard_hut, uniq_maurice,
          uniq_erolcha
Temple:   nicolae_temple_x_marks_the_god
Lair:1:   layout_regular_city, lemuel_fruit_tree, serial_bayou_shore_b,
          grunt_megastairs_3, infiniplex_staircase_pool
Lair:2:   layout_loops_ring, dummy_snake_entry, basic_altar,
          columned_hall_lemuel, lemuel_oklob_altar
Lair:3:   layout_small_grid, palyth_hydra_swamp_entry, minivault_27, uniq_sonja
Lair:4:   gammafunk_lair_enchanted_lake, layout_cave_shapes, beast_lair_carwin_1

Skill      XL: |  1  2  3  4  5  6  7  8  9 10 11 12 |
---------------+-------------------------------------+-----
Spellcasting   | 2 3 4 5 6 7 8 10 11 12 | 12.0
Ice Magic      | 4 5 6 |  6.0
Fighting       | 2 4 6 7 |  7.9
Conjurations   | 1 4 6 7 |  7.9
Fire Magic     | 4 6 |  6.0
Evocations     | 3 6 7 |  7.8
Dodging        | |  1.7
Stealth        | |  1.7

Action                   |  1- 3 |  4- 6 |  7- 9 | 10-12 || total
-------------------------+-------+-------+-------+-------++-------
Melee: Whip              |    19 |       |       |       ||    19
       Staff             |    10 |    79 |   238 |   173 ||   500
       Dagger            |       |    14 |       |       ||    14
 Cast: Freeze            |    50 |    36 |    18 |    73 ||   177
       Frozen Ramparts   |     7 |    23 |    66 |    85 ||   181
       Ozocubu's Armour  |     1 |     7 |    34 |    43 ||    85
       Hailstorm         |       |       |     9 |    19 ||    28
       Bolt of Magma     |       |       |       |    46 ||    46
Evoke: Wand              |       |       |       |     1 ||     1
  Use: Scroll            |     6 |     1 |     3 |     4 ||    14
 Stab: Sleeping          |     1 |     1 |     2 |       ||     4
Armor: Robe              |    20 |   105 |   184 |       ||   309
       Steam dragon scal |       |       |       |   179 ||   179
Dodge: Dodged            |    59 |   102 |   250 |   184 ||   595
